 Dungeon Crawl Stone Soup version 0.30.1-9-gdf580d7c3d (webtiles) character file.

Game seed: 365004987435011639

310 NullDivider the Stinger (level 6, -4/36 HPs)
             Began as an Octopode Venom Mage on Sept 24, 2023.
             Slain by a kobold brigand
             ... wielding a +0 short sword
              (5 damage)
             ... in a sewer.
             The game lasted 00:23:36 (3994 turns).

NullDivider the Stinger (Octopode Venom Mage)       Turns: 3994, Time: 00:23:37

Health: -4/36      AC:  1    Str:  8    XL:     6   Next: 41%
Magic:  0/10       EV: 14    Int: 17    God:
Gold:   239        SH:  0    Dex: 14    Spells: 1/11 levels left

rFire   . . .        h - +0 short sword (venom)
rCold   . . .        (no shield)
rNeg    . . .        (helmet restricted)
rPois   .            (no amulet)
rElec   .            (no ring)
rCorr   .            (no ring)
SInv    .            (no ring)
Will    .....        (no ring)
Stlth   +++++        (no ring)
HPRegen 0.26/turn    (no ring)
MPRegen 0.12/turn    (no ring)
                     (no ring)

%: no passive effects
@: mighty
A: almost no armour, amphibious, 8 rings, camouflage 1, gelatinous body 1,
nimble swimmer 1, tentacles
a: no special abilities


You were in a sewer.
You visited 1 branch of the dungeon, and saw 4 of its levels.
You also visited: Sewer.

You collected 239 gold pieces.

Inventory:

Hand Weapons
 h - a +0 short sword of venom (weapon)
Scrolls
 c - 3 scrolls of identify {unknown}
 d - a scroll of noise {unknown}
 e - 2 scrolls of teleportation
 g - 2 scrolls of blinking {unknown}
 i - a scroll of summoning {unknown}
 j - a scroll of immolation {unknown}
 n - a scroll of enchant armour {unknown}
 o - a scroll of acquirement {unknown}
Potions
 a - a potion of magic
 b - a potion of attraction {unknown}
 f - a potion of ambrosia {unknown}
 k - 3 potions of might
 l - 2 potions of invisibility {unknown}
 m - a potion of lignification {unknown}
 p - 2 potions of curing {unknown}
 q - a potion of cancellation {unknown}
 r - a potion of haste {unknown}


   Skills:
 + Level 1.8 Short Blades
 + Level 3.3 Dodging
 + Level 4.5 Stealth
 + Level 3.1 Spellcasting
 - Level 1.0 Transmutations
 + Level 2.1 Air Magic
 + Level 4.8 Poison Magic


You had one spell level left.
You knew the following spells:

 Your Spells              Type           Power      Damage    Failure   Level
a - Sting                 Tmut/Pois      48%        1d5       5%          1
b - Poisonous Vapours     Pois/Air       28%        N/A       6%          2
c - Mephitic Cloud        Conj/Pois/Air  10%        N/A       21%         3
d - Olgreb's Toxic Radia  Pois           19%        N/A       24%         4

Your spell library contained the following spells:

 Spells                   Type           Power      Damage    Failure   Level
 Foxfire                  Conj/Fire      8%         2x1d4     17%         1
 Freeze                   Ice            8%         1d3       17%         1
 Magic Dart               Conj           8%         1d3       17%         1
 Wereblood                Tmut           6%         N/A       17%         2
 Ignite Poison            Fire/Tmut/Pois 9%         N/A       24%         3
 Searing Ray              Conj           4%         2d4       26%         2
 Sublimation of Blood     Necr           2%         N/A       26%         2
 Frozen Ramparts          Ice            4%         1d1       45%         3
 Hailstorm                Conj/Ice       2%         3d3       45%         3
 Fulminant Prism          Conj/Hex       1%         3d5       86%         4
 Sticky Flame             Conj/Fire      2%         2d3       86%         4
 Plasma Beam              Fire/Air       3%         2x1d14    100%        6
 Orb of Destruction       Conj           1%         9d5       100%        7
 Summon Hydra             Summ           1%         N/A       100%        7
 Ignition                 Fire           1%         3d3       100%        8


Dungeon Overview and Level Annotations

Branches:
Dungeon (4/15)              Sewer (1/1)
 Temple: D:4-7

Altars:
Cheibriados
Kikubaaqudgha

Shops:
D:1 [[(


Innate Abilities, Weirdness & Mutations

You cannot wear most types of armour.
You are amphibious.
You can wear up to eight rings at the same time.
Your skin changes colour to match your surroundings (Stealth+).
Your rubbery body absorbs attacks. (AC +1, EV +1)
You are camouflaged when in or above water. (Stealth+)
You have tentacles for arms and can constrict up to eight enemies at once.


Message History

You feel sick.
The kobold brigand looks more healthy.
Casting: Poisonous Vapours (safe; 6% risk of failure)
Confirm with . or Enter, or press ? or * to list all spells.
Aiming: Poisonous Vapours (safe; 6% risk of failure)
Press: ? - help, Dir - move target, f/p - kobold brigand
Aim: a kobold brigand, wielding a +0 short sword and quivering poisoned darts (moderately wounded) Poisonous vapours surround the kobold brigand!
The kobold brigand is poisoned.
You feel sick.
You feel sick.
The kobold brigand hits you with a +0 short sword.
You barely miss the kobold brigand. Your grab misses the kobold brigand.
The kobold brigand is moderately wounded.
You feel sick.
The kobold brigand hits you with a +0 short sword!
* * * LOW HITPOINT WARNING * * *
You closely miss the kobold brigand. Your grab misses the kobold brigand.
The kobold brigand is moderately wounded.
* * * LOW HITPOINT WARNING * * *
You feel sick.
The kobold brigand splashes around in the water.
* * * LOW HITPOINT WARNING * * *
You feel sick.
The kobold brigand throws a poisoned dart.
The poisoned dart completely misses you.
Casting: Poisonous Vapours (safe; 6% risk of failure)
Confirm with . or Enter, or press ? or * to list all spells.
Aiming: Sting (safe; 5% risk of failure)
Press: ? - help, Shift-Dir - straight line, f/p - kobold brigand
Aim: a kobold brigand, wielding a +0 short sword and quivering poisoned darts (moderately wounded, poisoned, 64% to hit)
The sting hits the kobold brigand.
The kobold brigand looks even sicker.
The kobold brigand is heavily wounded.
* * * LOW HITPOINT WARNING * * *
You feel sick.
You are no longer poisoned.
It was a potion of might.
You feel very mighty all of a sudden.
The kobold brigand throws a poisoned dart.
The poisoned dart barely misses you.
The kobold brigand hits you with a +0 short sword.
You die...

...#.....................##
..........................######
..........................#!.!.#
..~~~P.............P......))...#
~P~~~~~~~~..~~~..~~~~.....'))∩.#
~~~~~P~~~P...~~~P~~P~P....#.?..#
##~~~~##########~~~##############
~~†~~~~~~~~~~~~~K~~~~~~~~~~~~~~~~
††~≈≈≈≈≈~≈≈≈≈≈~≈@≈≈≈~≈≈≈≈≈~≈≈≈≈≈~
~~~~~~~~~~~~~~~~~~~~~~~~~~~~~~~~~
#######~#~############~~########'
~~P..P~~P~~P........~~~~P.#....#.
~~~...~P~~~.........~~P~..'..∩.#.
.......~.~................')...#.
..............P...........#..).##
........................########
............####.....##.#


You could see a kobold brigand (very poisoned).

Vanquished Creatures
  A scorpion (D:4)
  A hound (D:4)
  An iron imp (D:3)
  4 gnolls (D:2)
  4 adders
  2 worms (D:3)
  3 dart slugs
  2 orcs (D:4)
  7 endoplasms
  7 giant cockroaches
  5 goblins
  2 hobgoblins (D:3)
  8 jackals
  6 quokkas
  12 ball pythons
  8 bats
  4 frilled lizards
  18 kobolds
  7 rats
102 creatures vanquished.

Notes
Turn   | Place    | Note
-------+----------+-------------------------------------------
     0 | D:1      | NullDivider the Octopode Venom Mage began the quest for the
                  | Orb.
     0 | D:1      | Reached XP level 1. HP: 11/11 MP: 3/3
   162 | D:1      | Found Vywec's Weapon Emporium.
   247 | D:1      | Found Efelis's Antique Armour Shop.
   308 | D:1      | Reached XP level 2. HP: 17/17 MP: 3/5
   331 | D:1      | Learned a level 2 spell: Poisonous Vapours
   443 | D:1      | Found Callowie's Antique Armour Shop.
   926 | D:2      | Identified the +1 robe "Vieq" {rPois rF- Int-4 Stlth+}
  1113 | D:3      | Reached XP level 3. HP: 7/21 MP: 1/6
  1416 | D:2      | Learned a level 3 spell: Mephitic Cloud
  1613 | D:2      | Reached skill level 1 in Air Magic
  1664 | D:2      | Reached XP level 4. HP: 24/27 MP: 1/7
  2373 | D:3      | Noticed a black bear
  2377 | D:3      | Reached XP level 5. HP: 31/31 MP: 2/8
  2660 | D:3      | Reached skill level 1 in Short Blades
  2853 | D:3      | Got the Octavo of Clouds and Combat Magic
  2882 | D:3      | Found a faded altar of an unknown god.
  3002 | D:3      | Found a snail-covered altar of Cheibriados.
  3400 | D:4      | Found an ancient bone altar of Kikubaaqudgha.
  3415 | D:4      | Reached XP level 6. HP: 34/36 MP: 5/10
  3454 | D:4      | Learned a level 4 spell: Olgreb's Toxic Radiance
  3531 | D:4      | Found a glowing drain.
  3546 | Sewer    | Entered a sewer
  3992 | Sewer    | HP: 1/36 [poisoned by a kobold brigand]
  3994 | Sewer    | Slain by a kobold brigand

Illustrated notes

Levels and vault maps discovered:
D:1:      dpeg_arrival_chambers_temple_mockup, layout_basic, serial_shops,
          nicolae_shop_bloodbath_and_beyond, shop, shop
D:2:      layout_basic
D:3:      layout_rooms, chei_slow_surprise, ebering_ecumenical_altar_box
D:4:      minmay_evil_eye, layout_rooms, lemuel_doored_altar,
          portal_sewer_entry_f
Sewer:    kennysheep_pipe_town

Skill      XL: |  1  2  3  4  5 |
---------------+----------------+-----
Stealth        | 3 4 |  4.5
Poison Magic   | 4 |  4.8
Air Magic      | 1 2 |  2.1
Short Blades   | 1 |  1.8
Dodging        | 3 |  3.3
Spellcasting   | 3 |  3.1
Transmutations | |  1.0

Action                     |  1- 3 |  4- 6 || total
---------------------------+-------+-------++-------
  Melee: Unarmed           |    36 |       ||    36
         Constrict         |    13 |    22 ||    35
         Tentacles         |    11 |    13 ||    24
         Punch             |     1 |     1 ||     2
         Short sword       |     7 |    86 ||    93
   Cast: Sting             |    32 |    26 ||    58
         Poisonous Vapours |    12 |    20 ||    32
         Mephitic Cloud    |       |     1 ||     1
         Olgreb's Toxic Ra |       |     1 ||     1
    Use: Scroll            |       |     1 ||     1
         Potion            |       |     1 ||     1
   Stab: Sleeping          |     6 |    14 ||    20
         Distracted        |       |     1 ||     1
 Armour: Skin              |     9 |     8 ||    17
  Dodge: Dodged            |    46 |    64 ||   110
